 Dungeon Crawl Stone Soup version 0.31.0-32-g396128a36d (webtiles) character file.

Game seed: 11270273437776231039

127 spaghetti the Caller (level 4, -1/30 HPs)
             Began as a Mummy Summoner on Mar 11, 2024.
             Was an Initiate of Yredelemnul.
             Slain by Ijyb
             ... wielding a +0 dagger
              (3 damage)
             ... on level 3 of the Dungeon.
             The game lasted 00:05:51 (2089 turns).

spaghetti the Caller (Mummy Summoner)               Turns: 2089, Time: 00:05:51

Health: -1/30      AC:  8    Str: 11    XL:     4   Next: 85%
Magic:  0/8        EV: 10    Int: 16    God:    Yredelemnul [......]
Gold:   140        SH:  0    Dex: 12    Spells: 5/8 levels left

rFire   . . .        e - +0 dire flail
rCold   + . .        (shield currently unavailable)
rNeg    + + +        b - +2 ring mail {rF+}
rPois   ∞            (no helmet)
rElec   .            d - +0 cloak
rCorr   .            (no gloves)
SInv    .            (no boots)
Will    .....        (no amulet)
Stlth   +            (no ring)
HPRegen 0.25/turn    (no ring)
MPRegen 0.11/turn

%: faith
@: no status effects
A: cold resistance 1, negative energy resistance 3, torment resistance 2, heat
vulnerability 1, in touch with death 1, no potions, faith
a: Renounce Religion, Recall Undead Harvest


You were on level 3 of the Dungeon.
You worshipped Yredelemnul.
Yredelemnul was noncommittal.
You visited 1 branch of the dungeon, and saw 3 of its levels.

You collected 140 gold pieces.

Inventory:

Hand Weapons
 c - a +0 club
 e - a +0 dire flail (weapon)
Armour
 a - a +0 robe
 b - a +2 ring mail of fire resistance (worn)
 d - a +0 cloak (worn)
Jewellery
 g - a ring of willpower
Scrolls
 f - a scroll of torment {unknown}
 h - a scroll of identify {unknown}


   Skills:
 - Level 1.5 Dodging
 - Level 1.5 Stealth
 - Level 2.6 Spellcasting
 * Level 4.8 Summonings
 + Level 1.6 Invocations


You had 5 spell levels left.
You knew the following spells:

 Your Spells              Type           Power      Damage    Failure   Level
a - Summon Small Mammal   Summ           68%        N/A       6%          1
b - Call Imp              Summ           34%        N/A       10%         2

Your spell library contained the following spells:

 Spells                   Type           Power      Damage    Failure   Level
 Call Canine Familiar     Summ           17%        N/A       19%         3
 Summon Blazeheart Golem  Fire/Summ      9%         N/A       86%         4
 Summon Lightning Spire   Summ/Air       9%         N/A       86%         4


Dungeon Overview and Level Annotations

Branches:
Dungeon (3/15)

Altars:
Gozag
Yredelemnul

Annotations:
D:3 Ijyb


Innate Abilities, Weirdness & Mutations

You are immune to poison.
Your flesh is cold resistant. (rC+)
You are immune to negative energy. (rN+++)
You are immune to unholy pain and torment.
You are vulnerable to heat. (rF-)
You are in touch with the powers of death.
You do not drink.
You have a special connection with the divine. (Faith)


Message History

The grasping roots release their grip on you.
You are too injured to fight recklessly!
You hit Ijyb.
Ijyb is severely wounded.
Your bat barely misses Ijyb.
Ijyb closely misses you.
Your hobgoblin zombie barely misses Ijyb.
Ijyb zaps a wand.
The roots erupt in riotous growth!
The grasping roots grab you!
Ijyb is unaffected.
The grasping roots constrict you.
Unknown command.
Unknown command.
Casting: Summon Small Mammal (safe; 6% risk of failure)
Confirm with . or Enter, or press ? or * to list all spells.
You don't have enough magic to cast this spell.
You barely miss Ijyb.
Ijyb is severely wounded.
Your bat hits Ijyb but does no damage.
Your bat barely misses Ijyb.
Your hobgoblin zombie closely misses Ijyb.
Ijyb hits you with a +0 dagger. The grasping roots constrict you.
You hit Ijyb but do no damage.
Ijyb is severely wounded.
Your bat completely misses Ijyb.
Ijyb hits you with a +0 dagger. The grasping roots constrict you.
* * * LOW HITPOINT WARNING * * *
Your hobgoblin zombie hits Ijyb.
Casting: Summon Small Mammal (safe; 6% risk of failure)
Confirm with . or Enter, or press ? or * to list all spells.
Your bat hits Ijyb but does no damage. Ijyb hits your bat with a +0 dagger.
Your bat dies!
Your bat's corpse disappears in a puff of smoke!
The grasping roots constrict you.
* * * LOW HITPOINT WARNING * * *
Your hobgoblin zombie hits Ijyb.
The grasping roots release their grip on you.
You closely miss Ijyb.
Ijyb is almost dead.
Ijyb screams, "Me kill you!" Ijyb hits you with a +0 dagger.
You die...
You join the legions of the undead harvest.

##.....# ≈≈≈.##
#.....# ## ≈≈≈..#####
#.....# #. ≈≈......#
#.....# #. .......#
#.....# .. #.....#
#.....# #.
####.....###.....# ._
#.r..>§..........###.
#...@gZ..........#$..
########.........###.
#........r....
#.............
#.............
..........?.....
.................
......##.......#.
...... #######.##


You could see Ijyb (ally target), a friendly hobgoblin zombie and a friendly
quokka (summoned).

Vanquished Creatures
  A gnoll (D:2)
  5 adders
  A ribbon worm (D:2)
  3 ball pythons
  4 endoplasms
  3 giant cockroaches
  2 goblins
  5 jackals
  A quokka (D:2)
  4 bats
  5 kobolds
  4 rats
38 creatures vanquished.

Vanquished Creatures (collateral kills)
  An adder (D:2)
  A ball python (D:1)
  3 endoplasms
  2 goblins
  A hobgoblin (D:3)
  2 jackals (D:1)
  4 kobolds
  A quokka (D:1)
  A bat (D:1)
  2 frilled lizards (D:1)
  3 rats
21 creatures vanquished.

Vanquished Creatures (others)
  A ribbon worm zombie (D:2)
  An adder zombie (D:2)
  A bat zombie (D:2)
  4 endoplasm zombies
  2 jackal zombies (D:2)
  2 kobold zombies (D:3)
  A rat zombie (D:3)
12 creatures vanquished.

Grand Total: 71 creatures vanquished

Notes
Turn   | Place    | Note
-------+----------+-------------------------------------------
     0 | D:1      | spaghetti the Mummy Summoner began the quest for the Orb.
     0 | D:1      | Reached XP level 1. HP: 13/13 MP: 4/4
   134 | D:1      | Reached XP level 2. HP: 10/19 MP: 1/5
   283 | D:1      | Found a faded altar of an unknown god.
   417 | D:1      | Reached skill level 4 in Summonings
   755 | D:1      | Prayed at the altar of an unknown god.
   755 | D:1      | Became a worshipper of Yredelemnul the Dark
   755 | D:1      | Reached * piety under Yredelemnul
   868 | D:2      | Reached XP level 3. HP: 24/24 MP: 0/7
   871 | D:2      | Learned a level 2 spell: Call Imp
  1137 | D:2      | Reached skill level 1 in Invocations
  1186 | D:2      | Reached XP level 4. HP: 28/30 MP: 8/8
  1939 | D:3      | Noticed Ijyb
  1958 | D:3      | Found an opulent altar of Gozag.
  1959 | D:3      | HP: 1/30 [endoplasm (1)]
  2089 | D:3      | Slain by Ijyb

Illustrated notes

Levels and vault maps discovered:
D:1:      minmay_arrival_plants_in_alcoves, layout_basic,
          shapermc_ecumenical_altar_venn
D:2:      layout_loops_ring
D:3:      layout_basic, nicolae_gozag_cash_rules_everything_around_me,
          serial_shops, nicolae_lakefront_shop, solitary_fountain, uniq_ijyb

Skill      XL: |  1  2  3 |
---------------+----------+-----
Summonings     | 4 |  4.8
Invocations    | 1 |  1.6
Dodging        | |  1.5
Stealth        | |  1.5
Spellcasting   | |  2.6

Action                     |  1- 3 |  4- 6 || total
---------------------------+-------+-------++-------
  Melee: Unarmed           |    88 |       ||    88
         Punch             |     1 |       ||     1
         Club              |    20 |       ||    20
         Dire flail        |    23 |    78 ||   101
   Cast: Summon Small Mamm |    38 |    29 ||    67
   Stab: Distracted        |     2 |       ||     2
         Sleeping          |       |     1 ||     1
 Armour: Ring mail         |   130 |    71 ||   201
         Robe              |     3 |       ||     3
  Dodge: Dodged            |   137 |    54 ||   191
